 Dungeon Crawl Stone Soup version 0.32-a0-975-g85d4e5bfdb (webtiles) character file.

Game seed: 4556368611635400169

53 Maxmaps the Nimble (level 3, -2/24 (28) HPs)
             Began as a Gnoll Wanderer on Apr 19, 2024.
             Slain by Robin
             ... wielding a +3 short sword of draining
              (4 damage)
             ... on level 2 of the Dungeon.
             The game lasted 00:01:19 (1239 turns).

Maxmaps the Nimble (Gnoll Wanderer)                 Turns: 1239, Time: 00:01:19

HP:   -2/24 (28)    AC:  5    Str: 11    XL:     3   Next: 89%
MP:   7/7           EV: 14    Int: 12    God:
Gold: 77            SH:  0    Dex: 12    Spells: 6/7 levels left

rFire   . . .        h - +0 trident
rCold   . . .        (no shield)
rNeg    . . .        d - +2 leather armour
rPois   .            (no helmet)
rElec   .            (no cloak)
rCorr   .            (no gloves)
SInv    +            (no boots)
Will    .....        (no amulet)
Stlth   +            f - ring of see invisible
HPRegen 0.24/turn    (no ring)
MPRegen 0.10/turn

%: no passive effects
@: heavily drained
A: fangs 1, strong nose, distributed training
a: no special abilities


You were on level 2 of the Dungeon.
You visited 1 branch of the dungeon, and saw 2 of its levels.

You collected 77 gold pieces.

Inventory:

Hand Weapons
 a - a +0 dagger
 h - a +0 trident (weapon)
Armour
 d - a +2 leather armour (worn)
Jewellery
 f - a ring of see invisible (left hand)
Scrolls
 e - a scroll of vulnerability {unknown}
 g - a scroll of identify {unknown}
Potions
 b - a potion of attraction
 c - 3 potions of curing


   Skills:
 + Level 2.7 Fighting
 + Level 1.0 Short Blades
 + Level 1.0 Long Blades
 + Level 1.0 Axes
 + Level 1.0 Maces & Flails
 + Level 1.0 Polearms
 + Level 1.0 Staves
 + Level 1.0 Ranged Weapons
 + Level 1.0 Throwing
 + Level 1.0 Armour
 + Level 10.4 Dodging
 + Level 1.0 Stealth
 + Level 1.0 Shields
 + Level 1.0 Unarmed Combat
 + Level 2.9 Spellcasting
 + Level 0.7 Conjurations
 + Level 0.7 Hexes
 + Level 0.7 Summonings
 + Level 0.7 Necromancy
 + Level 0.7 Translocations
 + Level 0.7 Fire Magic
 + Level 0.7 Ice Magic
 + Level 0.7 Air Magic
 + Level 2.2 Earth Magic
 + Level 0.7 Alchemy
 + Level 2.7 Invocations
 + Level 2.7 Evocations
 + Level 0.9 Shapeshifting


You had 6 spell levels left.
You knew the following spells:

 Your Spells              Type           Power      Damage    Failure   Level
a - Sandblast             Erth           14%        2d6       13%         1

Your spell library contained the following spells:

 Spells                   Type           Power      Damage    Failure   Level
 Call Imp                 Summ           6%         N/A       36%         2
 Sublimation of Blood     Necr           3%         N/A       36%         2
 Passwall                 Erth           7%         N/A       36%         3
 Volatile Blastmotes      Fire/Tloc      6%         2d10      58%         3
 Vhi's Electric Charge    Tloc/Air       6%         N/A       94%         4
 Gell's Gavotte           Tloc           1%         2d(12-17) 100%        6
 Summon Hydra             Summ           1%         N/A       100%        7


Dungeon Overview and Level Annotations

Branches:
Dungeon (2/15)

Altars:

Annotations:
D:2 Robin


Innate Abilities, Weirdness & Mutations

You have very sharp teeth.
Your uncanny sense of smell can sniff out nearby items.
Your experience applies equally to all skills.


Message History

You kill the goblin!
Robin roars a battlecry!
The hobgoblin goes into a battle-frenzy!
A goblin comes into view. It is wielding a +0 club.
The hobgoblin barely misses you.
You hear a shout!
You hit the hobgoblin.
The hobgoblin is lightly wounded.
The hobgoblin hits you.
You hit the hobgoblin.
You kill the hobgoblin!
Unknown command.
You hit Robin but do no damage.
Robin says, "Duck!"
Robin hits you with a +3 short sword of draining.
You feel drained.
You completely miss Robin.
A goblin comes into view. It is wielding a +0 dagger.
Robin hits you with a +3 short sword of draining.
You feel drained.
Robin roars a battlecry!
The goblin goes into a battle-frenzy!
You hear a shout!
You hit Robin. You bite Robin, but do no damage.
Robin is moderately wounded.
Robin hits you with a +3 short sword of draining.
* * * LOW HITPOINT WARNING * * *
You feel drained.
A goblin comes into view. It is wielding a +0 dagger.
You hit Robin.
Robin is severely wounded.
Robin throws the goblin at you! The goblin hits you with a +0 club.
* * * LOW HITPOINT WARNING * * *
Unknown command.
You hit Robin but do no damage.
Robin is severely wounded.
A hobgoblin comes into view.
Robin hits you with a +3 short sword of draining.
You die...
Robin says, "And that's why I'm the boss."

#.#.##..######
#.#..........#
#.####..####.#
#.......#
#######..#.#
.........#.#
######.....#
......g.####
#######@# #g#
#.# #g#


#gg #.# ### You could see Robin, a hobgoblin (wandering) and 3 goblins.

Vanquished Creatures
  A dart slug (D:1)
  6 ball pythons
  3 endoplasms
  A giant cockroach (D:2)
  7 goblins
  5 hobgoblins
  4 jackals (D:1)
  4 kobolds
  A quokka (D:1)
  4 bats (D:1)
  6 frilled lizards
  3 rats (D:1)
45 creatures vanquished.

Notes
Turn   | Place    | Note
-------+----------+-------------------------------------------
     0 | D:1      | Reached skill level 10 in Dodging
     0 | D:1      | Maxmaps the Gnoll Wanderer began the quest for the Orb.
     0 | D:1      | Maxmaps set off with the following items: a +0 dagger, a
                  | potion of attraction, a potion of curing, a +2 leather
                  | armour; and the following spell memorised: Sandblast; and
                  | the following spells available to memorise: Passwall.
     0 | D:1      | Reached XP level 1. HP: 17/17 MP: 4/4
    99 | D:1      | Reached XP level 2. HP: 15/23 MP: 5/5
   505 | D:1      | Reached XP level 3. HP: 19/28 MP: 7/7
  1200 | D:2      | Reached skill level 1 in Short Blades
  1200 | D:2      | Reached skill level 1 in Long Blades
  1200 | D:2      | Reached skill level 1 in Axes
  1200 | D:2      | Reached skill level 1 in Maces & Flails
  1200 | D:2      | Reached skill level 1 in Polearms
  1200 | D:2      | Reached skill level 1 in Staves
  1200 | D:2      | Reached skill level 1 in Ranged Weapons
  1200 | D:2      | Reached skill level 1 in Throwing
  1200 | D:2      | Reached skill level 1 in Armour
  1200 | D:2      | Reached skill level 1 in Stealth
  1200 | D:2      | Reached skill level 1 in Shields
  1200 | D:2      | Reached skill level 1 in Unarmed Combat
  1230 | D:2      | Noticed Robin
  1239 | D:2      | Slain by Robin

Illustrated notes

Levels and vault maps discovered:
D:1:      spicycebolla_arrival_clurvy, layout_loops_cross
D:2:      cheibrodos_helix_gallery, layout_basic, grunt_decor_resistance,
          uniq_robin

Skill      XL: |  1  2  3 |
---------------+----------+-----
Dodging        | | 10.4
Earth Magic    | 2 |  2.2
Short Blades   | 1 |  1.0
Long Blades    | 1 |  1.0
Axes           | 1 |  1.0
Maces & Flails | 1 |  1.0
Polearms       | 1 |  1.0
Staves         | 1 |  1.0
Ranged Weapons | 1 |  1.0
Throwing       | 1 |  1.0
Armour         | 1 |  1.0
Stealth        | 1 |  1.0
Shields        | 1 |  1.0
Unarmed Combat | 1 |  1.0
Fighting       | |  2.7
Spellcasting   | |  2.9
Conjurations   | |  0.7
Hexes          | |  0.7
Summonings     | |  0.7
Necromancy     | |  0.7
Translocations | |  0.7
Fire Magic     | |  0.7
Ice Magic      | |  0.7
Air Magic      | |  0.7
Alchemy        | |  0.7
Invocations    | |  2.7
Evocations     | |  2.7
Shapeshifting  | |  0.9

Action                     || total
---------------------------++-------
  Melee: Dagger            ||   208
         Bite              ||    23
         Trident           ||    22
   Stab: Sleeping          ||     1
 Armour: Leather armour    ||   115
  Dodge: Dodged            ||   159

Table legend: (Time is in decaauts)
 A = Elapsed time spent in this place.
 B = Non-inter-level travel time spent in this place.
 C = Inter-level travel time spent in this place.
 D = Time resting spent in this place.
 E = Time spent auto-exploring this place.
 F = Levels seen in this place.
 G = Mean time per level.
                   A        B        C        D        E       F      G
               +--------+--------+--------+--------+--------+-----+--------+
         Total |   1237 |   1230 |      7 |      0 |    888 |   2 |  618.5 |
       Dungeon |   1237 |   1230 |      7 |      0 |    888 |   2 |  618.5 |
               +--------+--------+--------+--------+--------+-----+--------+

Top non-repeatable levels by time:
     D:1: 848 daAuts
     D:2: 389 daAuts
